 Dungeon Crawl Stone Soup version 0.26-a0-1026-g544776af23 (webtiles) character file.

Game seed: 8314285626021562206

4133 lunkers the Slinger (level 10, -11/74 HPs)
             Began as a Halfling Hunter on Dec 9, 2020.
             Was an Initiate of Gozag.
             Mangled by an orc knight
             ... wielding a +0 halberd
              (26 damage)
             ... in a bailey.
             The game lasted 00:13:24 (9528 turns).

lunkers the Slinger (Halfling Hunter)               Turns: 9528, Time: 00:13:25

Health: -11/74     AC: 12    Str: 16    XL:     10   Next: 51%
Magic:  10/10      EV: 12    Int:  9    God:    Gozag
Gold:   1180       SH: 11    Dex: 16    Spells: 9/9 levels left

rFire    . . .     SeeInvis .   a - +1 fustibalus
rCold    . . .     Faith    .   q - +0 buckler
rNeg     . . .     Spirit   .   u - +0 scale mail
rPois    +         Reflect  +   L - +2 hat
rElec    .         Harm     .   O - +0 cloak
rCorr    .         Rampage  .   n - +0 pair of gloves
Will     .....                  J - +1 pair of boots
Stlth    ..........             E - amulet of reflection
HPRegen  0.22/turn              I - ring of poison resistance
MPRegen  0.12/turn              (no ring)

@: no status effects
A: small, mutation resistance 1
a: Potion Petition, Call Merchant, Bribe Branch, Renounce Religion


You were in a bailey.
You worshipped Gozag.
Gozag was most pleased with you.
You visited 2 branches of the dungeon, and saw 9 of its levels.
You also visited: Bailey.

You collected 1222 gold pieces.
You paid 42 gold pieces to Gozag.

Inventory:

Hand Weapons
 a - a +1 fustibalus (weapon)
 b - a +0 short sword
 y - a +1 hunting sling
Missiles
 d - 121 sling bullets
 e - 159 stones (quivered ammo)
Armour
 c - a +1 robe of cold resistance
 n - a +0 pair of gloves (worn)
 q - a +0 buckler (worn)
 u - a +0 scale mail (worn)
 J - a +1 pair of boots (worn)
 L - a +2 hat (worn)
 O - a +0 cloak (worn)
Jewellery
 E - an amulet of reflection (around neck)
 I - a ring of poison resistance (left hand)
Wands
 G - a wand of acid (4)
 H - a wand of polymorph (14)
 P - a wand of paralysis (6)
Scrolls
 f - 2 scrolls of fear {unknown}
 h - 3 scrolls of identify {unknown}
 k - 8 scrolls of remove curse
 l - a scroll of blinking {unknown}
 m - 2 scrolls of magic mapping {unknown}
 p - 2 scrolls of teleportation
 z - a scroll of noise {unknown}
 D - a scroll of enchant armour {unknown}
 F - 2 scrolls of enchant weapon
 N - a scroll of silence {unknown}
 R - a scroll of acquirement {unknown}
Potions
 g - 2 potions of haste {unknown}
 i - a potion of flight {unknown}
 j - 7 potions of heal wounds {unknown}
 o - 3 potions of might {unknown}
 r - a potion of experience {unknown}
 s - 2 potions of brilliance {unknown}
 t - a potion of magic {unknown}
 v - 3 potions of lignification {unknown}
 w - 2 potions of curing {unknown}
 x - 2 potions of degeneration {unknown}
 A - a potion of attraction {unknown}
 C - 3 potions of resistance {unknown}
 K - a potion of mutation {unknown}
 M - a potion of ambrosia {unknown}
 Q - a potion of cancellation {unknown}
 S - a potion of berserk rage {unknown}


   Skills:
 + Level 9.2 Fighting
 - Level 14.0 Slings
 - Level 2.1 Dodging
 - Level 1.1 Stealth
 - Level 5.6 Shields


You had 9 spell levels left.
You didn't know any spells.
Your spell library was empty.

Dungeon Overview and Level Annotations

Branches:
Dungeon (8/15)             Temple (1/1) D:4          Bailey (1/1)
   Lair: D:8-11

Altars:
Ashenzari
Cheibriados
Dithmenos
Elyvilon
Fedhas
Gozag
Hepliaklqana
Kikubaaqudgha
Nemelex Xobeh
Ru
Sif Muna
Trog
Uskayaw
Vehumet
Wu Jian
Xom
Yredelemnul
Zin
The Shining One

Annotations:
D:2 1 runed translucent door, Crazy Yiuf


Innate Abilities, Weirdness & Mutations

You are small and have problems with some larger weapons.
You are somewhat resistant to further mutation.


Message History

The orc knight is splashed with acid!
The orc knight seems to be corroded for longer.
The orc knight is severely wounded.
The orc knight no longer looks unusually strong.
The orc knight roars a battlecry!
The orc knight goes into a battle-frenzy!
Unknown command.
The orc knight no longer looks unusually strong.
Evoke which item? (* to show all) (? for menu, Esc to quit)
Aiming: Iceblast
Press: ? - help, Shift-Dir - straight line, f/p - orc knight
Aim: an orc knight, wielding a +0 halberd and wearing a +0 scale mail (severely wounded)
The mass of ice explodes!
The iceblast engulfs the orc knight!
The orc knight is almost dead.
The iceblast engulfs the orc knight!
The orc knight is almost dead.
The now-empty wand crumbles to dust.
You block the orc knight's attack.
The orc knight hits you from afar with a +0 halberd!!
You die...
Your body crumbles into a pile of gold.

############ #######
##.∩..).....## ##.....#
#............######.......
#.))........)#....#$...$..
#∩)))....@.o.)(.()$$$(((($
#).).......o.#..$.#$......
#..).........######.......
##.∩........## ##.....#
############ #######


You could see 2 orc knights.

Vanquished Creatures
  A two-headed ogre (D:8)
  Grinder (D:3)
  A water moccasin (D:7)
  8 orc warriors
  A necrophage (D:7)
  2 black bears
  An ogre (D:4)
  A phantom (D:4)
  3 centaurs
  2 big kobolds
  3 bullfrogs
  A water moccasin skeleton (D:7)
  8 killer bees
  A howler monkey (D:7)
  A quasit (D:8)
  A bullfrog zombie (D:6)
  A hound (D:7)
  7 orc wizards
  6 orc priests
  3 bullfrog skeletons
  6 worker ants
  A worker ant zombie (D:5)
  6 adders
  4 shadow imps
  2 white imps
  3 ufetubi
  An ooze (D:1)
  A worm (D:2)
  3 dart slugs
  3 leopard geckos
  59 orcs
  4 ball pythons
  9 bats
  5 giant cockroaches
  16 goblins
  4 hobgoblins
  7 jackals
  A quokka (D:7)
  3 frilled lizards
  20 kobolds
  8 rats
  A spectral orc (D:6)
220 creatures vanquished.

Vanquished Creatures (others)
  An orc (D:7)
  5 kobolds (D:8)
  3 plants (D:4)
9 creatures vanquished.

Grand Total: 229 creatures vanquished

Notes
Turn   | Place    | Note
-------+----------+-------------------------------------------
     0 | D:1      | lunkers the Halfling Hunter began the quest for the Orb.
     0 | D:1      | Reached XP level 1. HP: 14/14 MP: 1/1
   160 | D:1      | Reached skill level 6 in Slings
   176 | D:1      | Reached XP level 2. HP: 14/19 MP: 2/2
   497 | D:1      | Reached XP level 3. HP: 25/25 MP: 3/3
  1166 | D:2      | Reached XP level 4. HP: 30/30 MP: 4/4
  1215 | D:2      | Reached skill level 7 in Slings
  1476 | D:2      | Found a glowing silver altar of Zin.
  1742 | D:2      | Found a runed translucent door.
  1743 | D:2      | Noticed Crazy Yiuf
  1804 | D:2      | Reached skill level 1 in Shields
  2157 | D:2      | Found a hide-covered altar of Uskayaw.
  2313 | D:3      | Reached XP level 5. HP: 36/36 MP: 5/5
  2942 | D:3      | Reached XP level 6. HP: 20/42 MP: 6/6
  3250 | D:3      | Found a faded altar of an unknown god.
  3378 | D:3      | Noticed Grinder
  3402 | D:3      | Killed Grinder
  3403 | D:3      | Reached skill level 8 in Slings
  3403 | D:3      | Reached XP level 7. HP: 32/48 MP: 7/7
  3916 | D:4      | Found a staircase to the Ecumenical Temple.
  3925 | Temple   | Entered the Ecumenical Temple
  4023 | Temple   | Became a worshipper of Gozag Ym Sagoz the Greedy
  4578 | D:4      | Reached skill level 9 in Slings
  4806 | D:5      | Entered Level 5 of the Dungeon
  4846 | D:5      | Reached XP level 8. HP: 11/54 MP: 8/8
  5548 | D:6      | Reached skill level 5 in Fighting
  5578 | D:6      | Got a bloodstained cloak
  5584 | D:6      | Identified the cursed -1 cloak of Inviolability {-Tele
                  | rElec Str+4} (You found it on level 6 of the Dungeon)
  5823 | D:6      | Found a basalt altar of Yredelemnul.
  6157 | D:6      | Reached skill level 5 in Shields
  6373 | D:6      | Reached skill level 10 in Slings
  6450 | D:6      | Found a shimmering blue altar of Sif Muna.
  6987 | D:7      | Reached XP level 9. HP: 58/62 MP: 9/9
  7186 | D:7      | Reached skill level 11 in Slings
  8326 | D:8      | Reached skill level 12 in Slings
  8409 | D:8      | Found a white marble altar of Elyvilon.
  8757 | D:8      | Noticed a two-headed ogre
  8771 | D:8      | Killed a two-headed ogre
  8772 | D:8      | Reached skill level 13 in Slings
  8772 | D:8      | Reached XP level 10. HP: 52/73 MP: 10/10
  9039 | D:8      | Found a flagged portal.
  9054 | Bailey   | Entered a bailey
  9266 | Bailey   | Reached skill level 14 in Slings
  9469 | Bailey   | Noticed an orc knight
  9470 | Bailey   | Noticed an orc knight
  9528 | Bailey   | Mangled by an orc knight

Illustrated notes

Levels and vault maps discovered:
D:1:      eino_arrival_water_cross, layout_basic, palyth_stone_intersect,
          nrook_loot_triangle, chequers_serial_rivers_marsh,
          minmay_misc_feat_enclosed
D:2:      layout_basic, zin_statuary, lemuel_doored_altar,
          uniq_crazy_yiuf_cottage
D:3:      corexii_shack_village, layout_loops_corners,
          chequers_ecumenical_altar_grove, st_stairs_4, uniq_grinder
D:4:      layout_cave_pools, minmay_temple_entry_large_hall, serial_forest,
          infiniplex_forest_clump_long, infiniplex_forest_lined_4_way,
          infiniplex_forest_clump_medium, infiniplex_forest_lined_corner,
          infiniplex_forest_clump_diagonal, infiniplex_forest_clump_double,
          infiniplex_forest_clump_small, infiniplex_forest_clump_tiny,
          infiniplex_forest_lined_2, st_stairs_9
D:5:      layout_rooms, minivault_23
D:6:      layout_rooms, yredelemnul_forgotten_temple_becter, basic_altar,
          lemuel_flame_loot_1
D:7:      layout_basic, lemuel_flamethrower_1
D:8:      layout_rooms, elyvilon_altar_4, enter_bailey_3
Temple:   regret_index_temple_waves
Bailey:   bailey_polearm_5, bailey

Skill      XL: |  1  2  3  4  5  6  7  8  9 10 |
---------------+-------------------------------+-----
Fighting       | 2 3 4 6 8 9 |  9.2
Slings         | 6 7 8 9 10 13 14 | 14.0
Shields        | 1 2 3 4 5 |  5.6
Dodging        | |  2.1
Stealth        | |  1.1

Action                   |  1- 3 |  4- 6 |  7- 9 | 10-12 || total
-------------------------+-------+-------+-------+-------++-------
Melee: Short sword       |     1 |    12 |       |       ||    13
 Fire: Hunting sling     |    79 |   235 |   306 |       ||   620
       Fustibalus        |       |       |   194 |   142 ||   336
Evoke: Wand              |       |       |     8 |     7 ||    15
  Use: Scroll            |       |       |     2 |     1 ||     3
Armor: Leather armour    |     8 |    11 |       |       ||    19
       Scale mail        |       |    30 |    56 |    23 ||   109
Dodge: Dodged            |    12 |    52 |    94 |    41 ||   199
Block: Buckler           |       |    19 |   101 |    45 ||   165
       Reflection        |       |       |     8 |     2 ||    10

Table legend: (Time is in decaauts)
 A = Elapsed time spent in this place.
 B = Non-inter-level travel time spent in this place.
 C = Inter-level travel time spent in this place.
 D = Time resting spent in this place.
 E = Time spent auto-exploring this place.
 F = Levels seen in this place.
 G = Mean time per level.
                   A        B        C        D        E       F      G
               +--------+--------+--------+--------+--------+-----+--------+
         Total |   9340 |   9104 |    236 |    398 |   7154 |  10 |  934.0 |
       Dungeon |   8774 |   8573 |    201 |    398 |   6783 |   8 | 1096.8 |
        Temple |    122 |     87 |     35 |      0 |     85 |   1 |  122.0 |
        Bailey |    443 |    443 |      0 |      0 |    285 |   1 |  443.0 |
               +--------+--------+--------+--------+--------+-----+--------+

Top non-repeatable levels by time:
     D:7: 1636 daAuts
     D:3: 1573 daAuts
     D:2: 1155 daAuts
     D:1: 1118 daAuts
     D:5: 933 daAuts
     D:6: 825 daAuts
     D:4: 782 daAuts
     D:8: 748 daAuts
  Bailey: 443 daAuts
  Temple: 122 daAuts
